 Dungeon Crawl Stone Soup version 0.25.1-2-g60ff931df9 (webtiles) character file.

Game seed: 10703530545768919182

60 Peloso the Skirmisher (level 3, -1/29 HPs)
             Began as a Demonspawn Fighter on Aug 22, 2020.
             Slain by an adder (4 damage)
             ... on level 2 of the Dungeon.
             The game lasted 00:02:30 (1427 turns).

Peloso the Skirmisher (Demonspawn Fighter)          Turns: 1427, Time: 00:02:31

Health: -1/29      AC:  4    Str: 17    XL:     3   Next: 80%
Magic:  3/3        EV:  7    Int:  9    God:
Gold:   158        SH:  9    Dex: 12    Spells: 2/2 levels left

rFire    . . .     SeeInvis .   a - +0 long sword
rCold    . . .     Gourm    .   c - +0 kite shield
rNeg     . . .     Faith    .   i - +0 scale mail
rPois    .         Spirit   .   (no helmet)
rElec    .         Reflect  .   l - +0 cloak
rCorr    .         Harm     .   (no gloves)
MR       .....                  (no boots)
Stlth    ..........             j - amulet of inaccuracy (curse)
HPRegen  0.09/turn              (no ring)
MPRegen  0.08/turn              (no ring)

@: mighty, lethally poisoned (-1 -> -14), corroded
A: claws 1
a: no special abilities


You were on level 2 of the Dungeon.
You were not hungry.

You visited 1 branch of the dungeon, and saw 2 of its levels.

You collected 158 gold pieces.

Inventory:

Hand Weapons
 a - a +0 long sword (weapon)
 b - a +2 dagger of freezing
Armour
 c - a +0 kite shield (worn)
 i - a +0 scale mail (worn)
 l - a +0 cloak (worn)
Jewellery
 j - a cursed amulet of inaccuracy (around neck)
Scrolls
 g - a scroll of noise
Comestibles
 f - 4 rations
 h - 3 chunks of flesh


   Skills:
 + Level 3.2 Fighting
 + Level 2.7 Long Blades
 + Level 3.2 Armour
 + Level 0.3 Dodging
 + Level 3.0 Shields


You had 2 spell levels left.
You didn't know any spells.
Your spell library was empty.

Dungeon Overview and Level Annotations

Branches:
Dungeon (2/15)

Altars:


Innate Abilities, Weirdness & Mutations

You have sharp fingernails.


Message History

The jelly hits you but does no damage. The adder bites you but does no damage.
Unknown command.
You hit the jelly.
You kill the jelly!
Your Shields skill increases to level 3!
* * * LOW HITPOINT WARNING * * *
You feel sick. You block the adder's attack.
Unknown command.
You barely miss the adder.
The adder is moderately wounded.
* * * LOW HITPOINT WARNING * * *
You feel sick. The adder bites you but does no damage. The adder bites you.
* * * LOW HITPOINT WARNING * * *
You are more poisoned.
The adder poisons you!
You closely miss the adder.
The adder is moderately wounded.
* * * LOW HITPOINT WARNING * * *
You feel sick. You block the adder's attack. The adder bites you.
You die...

.....# # .# .#.. # .#
####.#.### ##.#
#......... .#.#
#......... .#.# ##
#......... ...# .
####......... .### .#
#....S....... ..###.#
#.@....... #.....###..
##....#####
###.......####..####
...............######.
........#####.........
###.....###(..#######.
#...........#
###......####.##
.......######..# .


You could see an adder.

Vanquished Creatures
  A jelly (D:2)
  An ooze (D:2)
  A leopard gecko (D:1)
  4 goblins (D:1)
  2 hobgoblins (D:1)
  3 jackals (D:1)
  A quokka (D:2)
  A bat (D:1)
  2 frilled lizards (D:1)
  3 kobolds
  9 rats
28 creatures vanquished.

Notes
Turn   | Place    | Note
-------+----------+-------------------------------------------
     0 | D:1      | Peloso the Demonspawn Fighter began the quest for the Orb.
     0 | D:1      | Reached XP level 1. HP: 18/18 MP: 1/1
   437 | D:1      | Gained mutation: You have sharp fingernails. [demonic
                  | ancestry]
   437 | D:1      | Reached XP level 2. HP: 24/24 MP: 2/2
  1312 | D:2      | Reached XP level 3. HP: 24/29 MP: 3/3
  1420 | D:2      | HP: 1/29 [adder (4)]
  1427 | D:2      | Slain by an adder

Illustrated notes

Levels and vault maps discovered:
D:1:      lightli_arrival_noodles, layout_basic, minmay_rat_gold_closets
D:2:      layout_rooms, serial_corexii_hall, chequers_hall_statues_wall_a,
          corexii_hall_statues_s, corexii_hall_statues_l,
          corexii_hall_statues_x, first_ration

Skill      XL: |  1  2  3 |
---------------+----------+-----
Long Blades    | 2 |  2.7
Armour         | 3 |  3.2
Shields        | 3 |  3.0
Fighting       | |  3.2
Dodging        | |  0.3

Action                   || total
-------------------------++-------
Melee: Long sword        ||   104
  Use: Scroll            ||     2
       Potion            ||     4
  Eat: Chunk             ||     2
Armor: Scale mail        ||    46
Dodge: Dodged            ||    32
Block: Kite shield       ||    50
       Rpst.: Long sword ||    13
